 Dungeon Crawl Stone Soup version 0.25-a0-1078-gea6e5d949a (webtiles) character file.

Game seed: 8572723692419447514, levelgen mode: deterministic

425 DerDa the Chiller (level 6, -6/36 HPs)
             Began as a Merfolk Ice Elementalist on May 15, 2020.
             Mangled by a hornet (17 damage)
             ... on level 7 of the Dungeon.
             The game lasted 00:08:19 (4015 turns).

DerDa the Chiller (Merfolk Ice Elementalist)        Turns: 4015, Time: 00:08:20

Health: -6/36      AC:  2    Str:  9    XL:     6   Next: 96%
Magic:  3/12       EV: 14    Int: 16    God:
Gold:   150        SH:  0    Dex: 14    Spells: 2/13 levels left

rFire    . . .     SeeInvis .   A - +0 spear (vorpal)
rCold    . . .     Gourm    .   (no shield)
rNeg     . . .     Faith    +   a - +0 robe
rPois    .         Spirit   .   (no helmet)
rElec    .         Reflect  .   (no cloak)
rCorr    .         Harm     .   (no gloves)
MR       .....                  (no boots)
Stlth    +.........             x - amulet of faith
HPRegen  0.12/turn              y - ring of flight
MPRegen  0.13/turn              u - ring of attention (curse)

@: frozen ramparts, slowed, very slow
A: change form in water, swift swim, stealthy swim, blurry vision 1, frail 1,
mutation resistance 1, MP-powered wands
a: Evoke Flight


You were on level 7 of the Dungeon.
You were hungry.

You visited 1 branch of the dungeon, and saw 5 of its levels.

You collected 150 gold pieces.

Inventory:

Hand Weapons
 s - a +0 spear
 A - a +0 vorpal spear (weapon)
Missiles
 g - 85 stones
 i - 31 sling bullets
 t - 18 poisoned darts (quivered)
Armour
 a - a +0 robe (worn)
Jewellery
 n - an uncursed ring of protection from magic
 u - a cursed ring of attention (right hand)
 x - an amulet of faith (around neck)
 y - a ring of flight (left hand)
Scrolls
 d - 2 scrolls of amnesia {unknown}
 f - a scroll of remove curse {unknown}
 h - 3 scrolls of identify
 j - 3 scrolls of teleportation {unknown}
 p - 3 scrolls of fear {unknown}
 q - a scroll of blinking {unknown}
 r - a scroll of fog {unknown}
Potions
 e - 3 potions of curing
 k - a potion of brilliance {unknown}
 l - a potion of mutation
 m - a potion of cancellation {unknown}
 o - 2 potions of magic {unknown}
 w - 2 potions of stabbing {unknown}
 z - a potion of ambrosia {unknown}
Comestibles
 c - 9 rations
 v - 4 chunks of flesh


   Skills:
 + Level 4.6 Dodging
 - Level 2.1 Stealth
 * Level 4.3 Spellcasting
 * Level 1.2 Conjurations
 * Level 6.3 Ice Magic


You had 2 spell levels left.
You knew the following spells:

 Your Spells              Type           Power        Failure   Level  Hunger
a - Freeze                Ice            ###.         1%          1    None
b - Frozen Ramparts       Ice            ###...       3%          3    ###....
c - Ozocubu's Armour      Chrm/Ice       ##......     13%         3    ###....
d - Hailstorm             Conj/Ice       ###.....     34%         4    ####...

Your spell library contained the following spells:

 Spells                   Type           Power        Failure   Level  Hunger
 Summon Ice Beast         Ice/Summ       ##......     41%         4    ####...


Dungeon Overview and Level Annotations

Branches:
Dungeon (4/15)
 Temple: D:4-7

Altars:
Ashenzari
Uskayaw


Innate Abilities, Weirdness & Mutations

You revert to your normal form in water.
You are very nimble and swift while swimming.
You are very stealthy in the water. (Stealth+)
Scrolls take you a little longer to read.
You are frail. (-10% HP)
You are somewhat resistant to further mutation.
You expend magic power (3 MP) to strengthen your wands.


Message History

e - 5 potions of curing You are feeling hungry.
A hornet comes into view.
The hornet buzzes angrily.
You feel better.
Casting: Frozen Ramparts (dangerous; 3% risk of failure)
Confirm with . or Enter, or press ? or * to list all spells.
The walls around you are covered in ice.
The wall freezes the hornet.
The wall freezes the hornet.
The wall freezes the hornet but do no damage.
The wall freezes the hornet.
You feel better.
The wall freezes the hornet.
The hornet stings you!
* * * LOW HITPOINT WARNING * * *
You feel yourself slow down.
It was a potion of mutation.
You feel extremely strange.
You feel your magical essence link to the dungeon's wands.
Your vision blurs.
You feel frail.
You feel genetically stable.
The wall freezes the hornet.
The hornet stings you!
You die...

****,******8**,*,8****..,,,,,,,,,
,,,,,,,,,,,,,,,..** *.#*******,,
****,**********#.*####.# *,, *,*
#.*#....## *,, *,* #.##.....# *,,
*,* #........##### **, *,*
#............#***,
*,*###########............,,,,
****,*#>....[..y@....#.####.#**,,
,,,,,,#.###########..#...,******,
****,,#.* ##.#....J,,,,*, *,,..*
#.######.,,,*, **...*
#.#,,,,****,*, #...*
#.#,,,,,,,,,** #...*
#.#,****,,,,* #...*
*.#,,,,******* *,,,*
*,*,,,,,,,,,*,


You could see a hornet.

Vanquished Creatures
  A bullfrog (D:7)
  A gnoll sergeant (D:7)
  A howler monkey (D:7)
  A jelly (D:7)
  An orc wizard (D:3)
  4 gnolls (D:2)
  8 adders
  2 worms
  3 dart slugs
  2 leopard geckos
  6 orcs (D:3)
  5 ball pythons
  10 bats
  2 giant cockroaches (D:2)
  8 goblins
  6 hobgoblins
  5 jackals
  4 quokkas
  A frilled lizard (D:3)
  6 kobolds
  7 rats
84 creatures vanquished.

Notes
Turn   | Place    | Note
-------+----------+-------------------------------------------
     0 | D:1      | DerDa the Merfolk Ice Elementalist began the quest for the
                  | Orb.
     0 | D:1      | Reached XP level 1. HP: 13/13 MP: 3/3
   220 | D:1      | Reached XP level 2. HP: 19/19 MP: 0/5
  1034 | D:2      | Reached XP level 3. HP: 24/24 MP: 2/6
  1407 | D:2      | Reached skill level 5 in Ice Magic
  1466 | D:2      | Reached XP level 4. HP: 19/30 MP: 0/8
  1472 | D:2      | Learned a level 3 spell: Frozen Ramparts
  1476 | D:2      | Learned a level 3 spell: Ozocubu's Armour
  1805 | D:2      | Found a shattered altar of Ashenzari.
  2167 | D:2      | Reached XP level 5. HP: 35/35 MP: 7/9
  3097 | D:3      | Noticed a +4 dagger
  3099 | D:3      | Noticed a +0 dagger
  3107 | D:3      | Found a hide-covered altar of Uskayaw.
  3671 | D:3      | Reached skill level 6 in Ice Magic
  3671 | D:3      | Reached XP level 6. HP: 41/41 MP: 7/11
  3687 | D:3      | Learned a level 4 spell: Hailstorm
  3975 | D:4      | You fall into a shaft and drop 3 floors!
  3990 | D:7      | HP: 2/41 [gnoll sergeant/+0 vorpal spear (3)]
  3997 | D:7      | Reached skill level 1 in Conjurations
  4007 | D:7      | Noticed a hornet
  4015 | D:7      | Gained mutation: You expend magic power (3 MP) to
                  | strengthen your wands. [potion of mutation]
  4015 | D:7      | Gained mutation: Scrolls take you a little longer to read.
                  | [potion of mutation]
  4015 | D:7      | Gained mutation: You are frail. (-10% HP) [potion of
                  | mutation]
  4015 | D:7      | Gained mutation: You are somewhat resistant to further
                  | mutation. [potion of mutation]
  4015 | D:7      | Mangled by a hornet

Illustrated notes

Levels and vault maps discovered:
D:1:      onia_arrival_mini_spirals, layout_loops_ring
D:2:      layout_loops_cross, marbit_many_paths, first_ration
D:3:      layout_basic, dancing_weapons_uskayaw
D:4:      layout_basic, uniq_eustachio, uniq_grinder
D:7:      minmay_angry_zag, layout_loops_ring, nicolae_overflow_crystal_walls,
          lightli_ossuary_entry_decrepit_ruins

Skill      XL: |  1  2  3  4  5  6 |
---------------+-------------------+-----
Dodging        | 3 4 |  4.6
Ice Magic      | 5 6 |  6.3
Spellcasting   | 3 4 |  4.3
Conjurations   | 1 |  1.2
Stealth        | |  2.1

Action                   |  1- 3 |  4- 6 || total
-------------------------+-------+-------++-------
Melee: Whip              |    13 |       ||    13
       Spear             |     4 |    65 ||    69
Throw: Stone             |     1 |       ||     1
 Cast: Freeze            |    52 |    71 ||   123
       Frozen Ramparts   |       |     3 ||     3
  Use: Scroll            |       |     3 ||     3
       Potion            |       |     3 ||     3
 Stab: Sleeping          |     2 |     8 ||    10
       Distracted        |       |     1 ||     1
  Eat: Chunk             |     2 |     8 ||    10
Armor: Robe              |    12 |     9 ||    21
Dodge: Dodged            |    54 |    87 ||   141

Table legend:
 A = Non-vault XP
 B = Vault XP
 C = Vault XP percentage of total XP
 D = Non-vault monster count
 E = Vault monster count
 F = Vault count percentage of total count
                 A         B        C        D         E       F
            +---------+---------+-------+---------+---------+-------
      Total |     481 |     127 |  20.9 |      81 |       3 |   3.6
            +---------+---------+-------+---------+---------+-------
        D:1 |      29 |       0 |   0.0 |      15 |       0 |   0.0
        D:2 |     152 |       2 |   1.3 |      37 |       1 |   2.6
        D:3 |     150 |       0 |   0.0 |      26 |       0 |   0.0
        D:4 |       5 |       0 |   0.0 |       1 |       0 |   0.0
        D:7 |     145 |     125 |  46.3 |       2 |       2 |  50.0
            +---------+---------+-------+---------+---------+-------
